 Dungeon Crawl Stone Soup version 0.20-a0-700-gbd4582c (webtiles) character file.

172 polly the Shield-Bearer (level 5, 0/33 HPs)
             Began as a Gargoyle Fighter on Feb 21, 2017.
             Slain by an adder (3 damage)
             ... on level 2 of the Dungeon.
             The game lasted 00:02:41 (1532 turns).

polly the Shield-Bearer (Gargoyle Fighter)          Turns: 1532, Time: 00:02:41

Health: 0/33       AC: 11    Str: 24 (25) XL:     5   Next: 52%
Magic:  5/5        EV:  8    Int:  5 (8)  God:
Gold:   150        SH:  9    Dex:  8 (10) Spells: 4/4 levels left

rFire    . . .     SeeInvis .   a - +0 flail
rCold    . . .     Gourm    .   b - +0 scale mail
rNeg     + . .     Faith    .   c - +0 shield
rPois    ∞         Spirit   .   (no helmet)
rElec    +         Reflect  .   (no cloak)
rCorr    .         Harm     .   (no gloves)
MR       .....                  (no boots)
Stlth    ..........             (no amulet)
Regen    0.2/turn               (no ring)
MPRegen  0.1/turn               (no ring)

@: mighty
A: negative energy resistance 1, electricity resistance, unbreathing,
petrification resistance, rot immunity, AC +4
a: no special abilities


You were on level 2 of the Dungeon.
You were hungry.

You visited 1 branch of the dungeon, and saw 3 of its levels.

You collected 150 gold pieces.

Inventory:

Hand Weapons
 a - a +0 flail (weapon)
Armour
 b - a +0 scale mail (worn)
 c - a +0 shield (worn)
Wands
 q - a wand of confusion (32/48)
Scrolls
 e - a scroll of recharging {unknown}
 g - 4 scrolls of blinking {unknown}
 l - a scroll of immolation {unknown}
 m - 2 scrolls of remove curse {unknown}
 n - a scroll of identify {unknown}
 o - a scroll of random uselessness {unknown}
 p - a scroll of amnesia {unknown}
Comestibles
 f - 5 bread rations
 h - a meat ration
 i - 2 royal jellies
 r - a chunk of flesh


   Skills:
 + Level 4.1 Fighting
 + Level 3.7 Maces & Flails
 + Level 3.8 Armour
 + Level 0.7 Dodging
 + Level 0.2 Stealth
 + Level 4.2 Shields


You had 4 spell levels left.
You didn't know any spells.

Dungeon Overview and Level Annotations

Branches:
Dungeon (3/15)

Altars:


Innate Abilities, Weirdness & Mutations

You are resistant to torment.
Your stone body is resilient. (AC +4)
You are immune to poison.
You resist negative energy. (rN+)
You are resistant to electric shocks. (rElec)
You can survive without breathing.
You are immune to petrification.
You are immune to rotting.


Message History

You miss the adder. You block the adder's attack. x2
You miss the adder. You block the adder's attack. The adder misses you.
You closely miss the adder. The adder bites you but does no damage.
You barely miss the adder. You block the adder's attack.
The adder bites you but does no damage.
You closely miss the adder. You block the adder's attack. x2
You miss the adder. You block the adder's attack. The adder barely misses you.
You miss the adder. You block the adder's attack.
You sock the adder!
The adder is severely wounded.
The adder bites you.
* * * LOW HITPOINT WARNING * * *
The adder bites you but does no damage.
You closely miss the adder.
The adder is severely wounded.
You block the adder's attack. The adder bites you but does no damage.
Your shield and scale mail prevent you from hitting the adder.
The adder is severely wounded.
The adder bites you.
You die...

#.# #.##........ #.####
#.##<#..#### .....#
#.......#### #.##.## #####
###...#..... ..##..#####...#
#...###### #####.......#.#
#...# # #######...########
#...###### ##########.##......#
#.........
#.....#......)@S...###...#####.
#.....#.#...#.#................
#...........#.#................
#.....#.#......................
#
#.....#.#.###.####.##....#.###.
#
#######.#.###......##.........[
# ####............##....#.####
# #...##.###########....#.# #
#.#....# ####....#)##


You could see an adder.

Vanquished Creatures
  The ghost of penismuncher the Insei, a weakling OpMo (D:3)
  A worker ant (D:3)
  2 gnolls (D:3)
  3 adders
  2 oozes
  A dart slug (D:1)
  A leopard gecko (D:3)
  An orc (D:3)
  2 ball pythons (D:1)
  2 giant cockroaches
  5 goblins
  5 hobgoblins
  5 jackals
  3 kobolds
  2 quokkas
  8 bats
  7 frilled lizards
  3 rats
54 creatures vanquished.

Notes
Turn   | Place    | Note
-------+----------+-------------------------------------------
     0 | D:1      | polly the Gargoyle Fighter began the quest for the Orb.
     0 | D:1      | Reached XP level 1. HP: 14/14 MP: 1/1
   143 | D:1      | Reached XP level 2. HP: 17/19 MP: 2/2
   534 | D:2      | Reached XP level 3. HP: 24/24 MP: 3/3
  1095 | D:3      | Reached XP level 4. HP: 29/29 MP: 4/4
  1421 | D:3      | Noticed penismuncher's ghost (weakling OpMo)
  1429 | D:3      | Killed penismuncher's ghost
  1429 | D:3      | Reached XP level 5. HP: 33/33 MP: 5/5
  1532 | D:2      | Slain by an adder

Vault maps used:
D:1:      eino_arrival_water_star
D:3:      first_bread

Skill      XL: |  1  2  3  4 |
---------------+-------------+-----
Shields        | 4 |  4.2
Maces & Flails | 3 |  3.7
Fighting       | 4 |  4.1
Armour         | |  3.8
Dodging        | |  0.7
Stealth        | |  0.2

Action                   |  1- 3 |  4- 6 || total
-------------------------+-------+-------++-------
Melee: Flail             |   119 |   111 ||   230
  Use: Potion            |       |     3 ||     3
  Eat: Chunk             |       |     2 ||     2
Armor: Scale mail        |    80 |    66 ||   146
Dodge: Dodged            |    39 |    37 ||    76
Block: Shield            |    62 |    69 ||   131
